 Dungeon Crawl Stone Soup version 0.22-a0-479-gc6e99f3 (webtiles) character file.

35 4thArraOfDagon the Skirmisher (level 3, -7/33 HPs)
             Began as a Hill Orc Fighter on June 14, 2018.
             Killed from afar by Ijyb (10 damage)
             ... with a wand of acid (10)
             ... on level 3 of the Dungeon.
             The game lasted 00:01:16 (186 turns).

4thArraOfDagon the Skirmisher (Hill Orc Fighter)     Turns: 186, Time: 00:01:17

Health: -7/33      AC:  2    Str: 18    XL:     3   Next: 35%
Magic:  3/3        EV:  7    Int:  9    God:
Gold:   33         SH:  9    Dex: 10    Spells: 2/2 levels left

rFire    . . .     SeeInvis .   a - +0 war axe
rCold    . . .     Gourm    .   c - +0 shield
rNeg     . . .     Faith    .   b - +0 scale mail
rPois    .         Spirit   .   (no helmet)
rElec    .         Reflect  .   (no cloak)
rCorr    .         Harm     .   (no gloves)
MR       .....                  (no boots)
Stlth    ..........             (no amulet)
HPRegen  0.11/turn              (no ring)
MPRegen  0.08/turn              (no ring)

@: corroded
A: no striking features
a: no special abilities


You were on level 3 of the Dungeon.
You were not hungry.

You visited 1 branch of the dungeon, and saw 3 of its levels.

You collected 33 gold pieces.

Inventory:

Hand Weapons
 a - a +0 war axe (weapon)
Armour
 b - a +0 scale mail (worn)
 c - a +0 shield (worn)
Wands
 d - a wand of random effects (23)
Scrolls
 e - a scroll of remove curse {unknown}
 g - 3 scrolls of identify {unknown}
 i - a scroll of teleportation {unknown}
Comestibles
 f - 2 rations


   Skills:
 + Level 4.1 Fighting
 * Level 4.0 Axes
 + Level 3.6 Armour
 - Level 3.2 Shields


You had 2 spell levels left.
You didn't know any spells.
Your spell library was empty.

Dungeon Overview and Level Annotations

Branches:
Dungeon (3/15)

Altars:
Xom

Annotations:
D:3 Ijyb


Message History

You block Ijyb's attack. Ijyb hits you with a dagger.
* * * LOW HITPOINT WARNING * * *
Unknown command.
Your shield prevents you from hitting Ijyb.
Ijyb is heavily wounded.
You block Ijyb's attack.
Unknown command.
You closely miss Ijyb.
Ijyb is heavily wounded.
Ijyb hits you but does no damage. Ijyb hits you with a dagger.
* * * LOW HITPOINT WARNING * * *
Unknown command.
You barely miss Ijyb.
Ijyb is heavily wounded.
Ijyb closely misses you.
Unknown command.
You completely miss Ijyb.
Ijyb is heavily wounded.
Ijyb zaps a wand.
The bolt of acid hits you!
You die...

##.#.##..###..#..###....#
......#......###.....####
.#.#..##..#......#####
.#.#......#..###.#
.#.......###.###.#
.#........ #.....#
.##....... #####.####
.##....... ####....###
......... #..g@.....#
.)....### #$........#
......# #.........#
<###### ...........#
........ ...........(?#
........ .....[#+######
######## ##.... ..#.#


You could see Ijyb.

Vanquished Creatures
  An adder (D:2)
  2 worms (D:2)
  A giant cockroach (D:2)
  3 goblins
  3 hobgoblins (D:2)
  2 jackals (D:2)
  A kobold (D:2)
  A quokka (D:2)
  A bat (D:2)
  2 frilled lizards (D:2)
  3 rats
20 creatures vanquished.

Notes
Turn   | Place    | Note
-------+----------+-------------------------------------------
     0 | D:1      | 4thArraOfDagon the Hill Orc Fighter began the quest for the Orb.
     0 | D:1      | Reached XP level 1. HP: 19/19 MP: 1/1
    21 | D:2      | Found a shimmering altar of Xom.
    27 | D:2      | Reached XP level 2. HP: 22/27 MP: 2/2
    84 | D:2      | Reached XP level 3. HP: 13/33 MP: 3/3
   172 | D:3      | Noticed Ijyb
   186 | D:3      | Killed from afar by Ijyb

Vault maps used:
D:1:      mushboom_english_gardens, minmay_crystal_water,
          corexii_leaking_fountain, roderic_cross_of_infinity,
          hangedman_feature_mirror
D:2:      kennysheep_the_goblin_king, xom_butterflies
D:3:      kennysheep_slug_shrine, nemelex_spade_bored_becter, uniq_ijyb

Skill      XL: |  1  2  3 |
---------------+----------+-----
Axes           | 3 4 |  4.0
Fighting       | 4 |  4.1
Armour         | |  3.6
Shields        | |  3.2

Action                   || total
-------------------------++-------
Melee: War axe           ||    41
  Use: Potion            ||     2
Armor: Scale mail        ||    16
Dodge: Dodged            ||    17
Block: Shield            ||    26

Table legend:
 A = Spawn XP
 B = Non-spawn XP
 C = Spawn XP percentage of total XP
 D = Spawn monster count
 E = Non-spawn monster count
 F = Spawn count percentage of total count
 G = Total turns spent on level
                    A         B        C        D         E        F      G
               +---------+---------+-------+---------+---------+-------+---------
         Total |       0 |      51 |   0.0 |       0 |      20 |   0.0 |   186
               +---------+---------+-------+---------+---------+-------+---------
           D:2 |       0 |      48 |   0.0 |       0 |      18 |   0.0 |   102
           D:3 |       0 |       3 |   0.0 |       0 |       2 |   0.0 |    63
               +---------+---------+-------+---------+---------+-------+---------
